 Dungeon Crawl Stone Soup version 0.18.1-47-g9310371 (webtiles) character file.

333 qqqbard the Conjurer (level 6, -4/38 HPs)
             Began as a High Elf Conjurer on June 14, 2016.
             Killed by divine providence
             ... invoked by an orc priest
              (13 damage)
             ... on level 3 of the Dungeon.
             The game lasted 00:15:08 (4093 turns).

qqqbard the Conjurer (High Elf Conjurer)            Turns: 4093, Time: 00:15:09

Health: -4/38      AC: 10    Str:  8    XL:     6   Next: 27%
Magic:  1/13       EV: 10    Int: 21    God:
Gold:   125        SH:  0    Dex: 15    Spells: 4 memorised, 3 levels left

rFire  + . .     SeeInvis .     (no weapon)
rCold  . . .     Gourm    .     h - +1 ring mail {rF+}
rNeg   . . .     Faith    .     (no shield)
rPois  .         Spirit   .     f - +2 helmet
rElec  .         Dismiss  .     (no cloak)
rCorr  .         Reflect  .     k - +0 pair of gloves
SustAt .         Harm     .     (no boots)
MR     .....                    (no amulet)
Stlth  +.........               (no ring)
                                (no ring)

@: lethally poisoned (-4 -> -10), very slightly contaminated, not resistant to
hostile enchantments, very unstealthy
A: no striking features
a: no special abilities


You were on level 3 of the Dungeon.
You were hungry.

You visited 1 branch of the dungeon, and saw 4 of its levels.

You collected 125 gold pieces.

Inventory:

Armour
 a - a +0 buckler
 d - a +0 ring mail
 f - a +2 helmet (worn)
 h - a +1 ring mail of fire resistance (worn)
 k - a +0 pair of gloves (worn)
Jewellery
 g - an uncursed ring of fire {unknown}
 i - an uncursed ring of see invisible {unknown}
 r - an uncursed amulet of harm {unknown}
Wands
 m - a wand of slowing (24/48)
 v - a wand of iceblast (8/15)
Scrolls
 p - a scroll of teleportation {unknown}
 q - a scroll of identify {unknown}
 s - a scroll of fear
 t - a scroll of fog {unknown}
 u - a scroll of remove curse
Potions
 e - a potion of berserk rage {unknown}
 l - a potion of resistance {unknown}
 n - a potion of lignification {unknown}
 o - a potion of flight {unknown}
Books
 b - a book of Conjurations

   Spells                             Type                      Level
   a - Magic Dart                     Conjuration                  1
   b - Searing Ray                    Conjuration                  2
   c - Dazzling Spray                 Conjuration/Hexes            3
   d - Fulminant Prism                Conjuration/Hexes            4
   e - Iskenderun's Mystic Blast      Conjuration                  4
   f - Iskenderun's Battlesphere      Conjuration/Charms           5
Comestibles
 c - 5 bread rations
 j - a meat ration


   Skills:
 - Level 1.5 Fighting
 * Level 1.1 Armour
 - Level 2.1 Dodging
 - Level 2.1 Stealth
 - Level 4.0 Spellcasting
 * Level 7.1 Conjurations


You had 3 spell levels left.
You knew the following spells:

 Your Spells              Type           Power        Failure   Level  Hunger
a - Magic Dart            Conj           ####         1%          1    None
b - Searing Ray           Conj           ####..       2%          2    #......
c - Iskenderun's Mystic   Conj           ####....     21%         4    ####...
d - Dazzling Spray        Conj/Hex       ###...       24%         3    ###....


Dungeon Overview and Level Annotations

Branches:
Dungeon (4/15)
 Temple: D:4-7

Altars:
Yredelemnul
The Shining One


Message History

The searing ray misses the worker ant.
The searing ray hits the orc priest.
The orc priest is moderately wounded.
You feel sick. The worker ant barely misses you.
The orc priest mumbles some strange prayers to Beogh against you.
Beogh smites you!
You hit the worker ant.
The worker ant is almost dead.
The worker ant bites you but does no damage.
The worker ant bites you.
You are more poisoned.
The worker ant poisons you!
You feel sick.
You feel sick.
You feel sick.
The worker ant bites you but does no damage.
You feel sick.
You feel sick.
The orc priest mumbles some strange prayers to Beogh against you.
Beogh smites you!
You die...

###### ###### #....# #.....
#######....###### #.....
#...............#########.....
#...............##......#...).
#...............#.............
#######.........#........)....
#.>..'..o..a@................
#...##....###.....[....#.....
#...##..........).(######..##
#...#####.....(.......##...##
#...#####......[.......#....#
##.............##......#.....
#.............##......#.....
#..........##.##......#.....
#..........##'##............


You could see a worker ant and an orc priest.

Vanquished Creatures
  A gnoll sergeant (D:2)
  An orc priest (D:3)
  An orc wizard (D:3)
  Jessica (D:2)
  5 gnolls
  3 adders
  2 oozes
  3 worms
  2 dart slugs (D:1)
  7 giant geckos
  6 orcs
  4 giant cockroaches
  12 goblins
  6 hobgoblins
  3 jackals (D:2)
  2 quokkas (D:2)
  3 ball pythons
  9 bats
  2 giant newts (D:1)
  5 kobolds
  11 rats
89 creatures vanquished.

Notes
Turn   | Place    | Note
--------------------------------------------------------------
     0 | D:1      | qqqbard the High Elf Conjurer began the quest for the Orb.
     0 | D:1      | Reached XP level 1. HP: 11/11 MP: 4/4
   235 | D:1      | Reached XP level 2. HP: 17/17 MP: 4/6
   302 | D:1      | Reached skill level 5 in Conjurations
   501 | D:1      | Reached XP level 3. HP: 17/21 MP: 1/7
  1179 | D:2      | Found a basalt altar of Yredelemnul.
  1479 | D:2      | Found a glowing golden altar of the Shining One.
  1518 | D:2      | Noticed Jessica
  1553 | D:2      | Killed Jessica
  1553 | D:2      | Reached XP level 4. HP: 21/27 MP: 0/10
  1925 | D:2      | Learned a level 2 spell: Searing Ray
  1930 | D:2      | Learned a level 4 spell: Iskenderun's Mystic Blast
  2503 | D:2      | Reached skill level 1 in Fighting
  2698 | D:3      | Noticed a gnoll sergeant
  2736 | D:2      | Reached XP level 5. HP: 28/33 MP: 3/12
  2788 | D:3      | Reached skill level 6 in Conjurations
  3549 | D:3      | Reached XP level 6. HP: 38/38 MP: 7/13
  3556 | D:3      | Reached skill level 1 in Armour
  3556 | D:3      | Reached skill level 7 in Conjurations
  3801 | D:3      | Learned a level 3 spell: Dazzling Spray
  4093 | D:3      | Killed from afar by an orc priest

Skill      XL: |  1  2  3  4  5  6 |
---------------+-------------------+-----
Conjurations   | 5 6 7 |  7.1
Spellcasting   | 3 4 |  4.0
Fighting       | 1 |  1.5
Armour         | 1 |  1.1
Dodging        | |  2.1
Stealth        | |  2.1

Action                   |  1- 3 |  4- 6 || total
-------------------------+-------+-------++-------
Melee: Unarmed           |    72 |    75 ||   147
 Cast: Magic Dart        |    90 |   106 ||   196
       Searing Ray       |       |    27 ||    27
       Iskenderun's Myst |       |     4 ||     4
  Use: Scroll            |     2 |       ||     2
  Eat: Chunk             |     2 |     7 ||     9
       Beef jerky        |       |     1 ||     1
Armor: Ring mail         |    49 |    74 ||   123
Dodge: Dodged            |    44 |    56 ||   100
